 Dungeon Crawl Stone Soup version 0.21.1-1-g345015f (webtiles) character file.

13161 doot the Spear-Bearer (level 11, -23/84 HPs)
             Began as a Demonspawn Abyssal Knight on June 8, 2018.
             Was a High Priest of Lugonu.
             Annihilated by Rupert
             ... wielding a +3 great mace of crushing
              (39 damage)
             ... on level 12 of the Dungeon.
             The game lasted 00:46:35 (13645 turns).

doot the Spear-Bearer (Demonspawn Abyssal Knight)  Turns: 13645, Time: 00:46:36

Health: -23/84     AC: 14    Str: 19    XL:     11   Next: 71%
Magic:  15/15      EV: 10    Int: 14    God:    Lugonu [*****.]
Gold:   616        SH: 12    Dex: 17    Spells: 10/10 levels left

rFire    . . .     SeeInvis .   a - +8 autumn katana {slice, Clar}
rCold    + . .     Gourm    .   A - +0 large shield
rNeg     . . .     Faith    .   Y - +0 steam dragon scales
rPois    .         Spirit   .   z - +0 helmet
rElec    +         Reflect  .   G - +0 cloak
rCorr    .         Harm     .   I - +0 pair of gloves
MR       .....     Clarity  +   (boots unavailable)
Stlth    ++........             E - amulet "Rokisyz" {+Rage rElec Str+4}
HPRegen  0.24/turn              n - ring of protection from cold
MPRegen  0.14/turn              C - +4 ring of dexterity

@: no status effects
A: hooves 3, iridescent scales 2
a: Depart the Abyss, Bend Space, Banish, Corrupt, Enter the Abyss, Renounce
Religion, Evoke Berserk Rage


You were on level 12 of the Dungeon.
You worshipped Lugonu.
Lugonu was extremely pleased with you.
You were hungry.

You visited 1 branch of the dungeon, and saw 12 of its levels.
You visited the Abyss 1 time.

You collected 616 gold pieces.

Inventory:

Hand Weapons
 a - the +8 autumn katana (weapon) {slice, Clar}
   (You took it off an orc priest on level 9 of the Dungeon)

   It inflicts extra damage upon your enemies.
   It protects you against confusion.
 b - a +4 war axe of freezing
 y - a +0 glaive
 M - the +0 quarterstaff "Ciaxaok" {speed, rN+ SInv}
   (You found it on level 7 of the Dungeon)

   Attacks with this weapon are significantly faster.
   It protects you from negative energy.
   It lets you see invisible.
 R - a +1 war axe of freezing
 W - a +0 glaive of venom
Missiles
 X - 2 throwing nets
 Z - 2 tomahawks (quivered)
Armour
 z - a +0 helmet (worn)
 A - a +0 large shield (worn)
 D - a +0 ring mail
 F - a +0 leather armour
 G - a +0 cloak (worn)
 I - a +0 pair of gloves (worn)
 O - a +0 pair of boots of flying
 Y - +0 steam dragon scales (worn)
Jewellery
 n - a ring of protection from cold (left hand)
 v - an uncursed amulet of guardian spirit
 C - a +4 ring of dexterity (right hand)
 E - the amulet "Rokisyz" (around neck) {+Rage rElec Str+4}
   (You found it on level 4 of the Dungeon)

   [amulet of rage]

   It affects your strength (+4).
   It insulates you from electricity.
   It lets you go berserk.
 J - an uncursed ring of resist corrosion
 Q - an uncursed ring of ice
 U - an uncursed ring of protection from magic
Wands
 x - a wand of random effects (35)
 S - a wand of enslavement (19)
 T - a wand of disintegration (12)
Scrolls
 d - 9 scrolls of remove curse
 f - 2 scrolls of blinking {unknown}
 h - a scroll of identify
 l - 5 scrolls of fog
 o - 3 scrolls of amnesia {unknown}
 p - 2 scrolls of noise {unknown}
 q - 5 scrolls of teleportation
 s - 2 scrolls of enchant weapon {unknown}
 w - 2 scrolls of immolation {unknown}
 H - 5 scrolls of magic mapping {unknown}
Potions
 e - 4 potions of lignification
 g - 3 potions of agility
 i - a potion of brilliance {unknown}
 j - 5 potions of haste
 k - a potion of magic {unknown}
 m - 2 potions of cancellation
 r - a potion of invisibility {unknown}
 t - 2 potions of ambrosia
 B - a potion of degeneration {unknown}
 K - 2 potions of curing
 N - a potion of heal wounds
Books
 u - a book of Misfortune

   Spells                             Type                      Level
   a - Confusing Touch                Hexes                        1
   b - Confuse                        Hexes                        3
   c - Gell's Gravitas                Translocation                3
   d - Petrify                        Transmutation/Earth          4
   e - Metabolic Englaciation         Hexes/Ice                    5
   f - Yara's Violent Unravelling     Hexes/Transmutation          5
 L - a book of Enchantments

   Spells                             Type                      Level
   a - Cause Fear                     Hexes                        4
   b - Yara's Violent Unravelling     Hexes/Transmutation          5
   c - Silence                        Hexes/Air                    5
   d - Deflect Missiles               Charms/Air                   6
   e - Discord                        Hexes                        8
 P - a book of Minor Magic

   Spells                             Type                      Level
   a - Magic Dart                     Conjuration                  1
   b - Blink                          Translocation                2
   c - Call Imp                       Summoning                    2
   d - Slow                           Hexes                        2
   e - Conjure Flame                  Conjuration/Fire             3
   f - Mephitic Cloud                 Conjuration/Poison/Air       3
Miscellaneous
 V - a lightning rod (4/4)
Comestibles
 c - 19 rations


   Skills:
 - Level 7.1 Fighting
 + Level 8.5 Long Blades
 - Level 4.3(7.7) Axes
 - Level 9.9(10.2) Polearms
 - Level 6.7 Armour
 - Level 4.8 Dodging
 - Level 1.5 Stealth
 - Level 0.6 Shields
 - Level 5.5 Invocations
 - Level 0.2 Evocations


You had 10 spell levels left.
You didn't know any spells.

Dungeon Overview and Level Annotations

Branches:
Dungeon (12/15)            Temple (0/1) D:4            Lair (0/6) D:8
    Orc (0/2) D:9

Altars:
Ashenzari
Dithmenos
Elyvilon
Fedhas
Gozag
Hepliaklqana
Nemelex Xobeh
Okawaru
Qazlal
Ru
Sif Muna
Vehumet
Wu Jian
Xom
Yredelemnul
Zin

Annotations:
D:6 2 exclusions
D:12 Rupert
Abyss:1 Harold


Innate Abilities, Weirdness & Mutations

You have hooves in place of feet.
You are mostly covered in iridescent scales. (AC +4)


Message History

You slice Rupert!! You kick Rupert.
Rupert is heavily wounded.
Rupert hits you with a great mace of crushing!
You slash Rupert! Your kick misses Rupert.
Rupert is heavily wounded.
Rupert hits you with a great mace of crushing!!!
* * * LOW HITPOINT WARNING * * *
x2 Unknown command.
Okay, then.
Rupert hits you with a great mace of crushing!
* * * LOW HITPOINT WARNING * * *
x2 Unknown command.
Press: ? - help, Shift-Dir - straight line, f - Rupert
Aim: Rupert, wielding a great mace of crushing and wearing a scale mail (heavily wounded, berserk, fast, unusually strong, chance to defeat MR: 20%)
Okay, then.
Unknown command.
Unknown command.
You feel better.
Rupert hits you with a great mace of crushing!!!
You die...

#.# #.. #.# #.#
#5# #.# #.# #@#
#### ### #@#######
#....... #.......#
#.##.##.
#######.###.#...#.
##............
#.......#.....
#.......#...#.
#...........#.
##........###.
######....†..


You could see Rupert (berserk) and a crimson imp.

Vanquished Creatures
  The ghost of empire the Carver, a journeyman MiFi of Cheibriados (D:10)
  The ghost of Tiareth the Thaumaturge, a journeyman DEWz of Cheibriados (D:11)
  A two-headed ogre (D:8)
  Nergalle (D:11)
  An unseen horror (D:10)
  An elephant (D:8)
  Psyche (D:11)
  The ghost of Jaiteiro the Vandal, a novice VSFi of Trog (D:5)
  2 trolls
  2 hippogriffs
  2 hornets
  6 yaks
  A basilisk (D:8)
  A steam dragon (D:10)
  An acid dragon (D:11)
  2 water moccasins
  Duvessa (D:6)
  5 sky beasts
  2 orc warriors
  3 black bears
  3 ice beasts
  A phantom (D:5)
  14 ogres
  5 centaurs
  A crocodile (D:8)
  3 big kobolds
  8 bullfrogs
  Dowan (D:6)
  3 scorpions
  5 killer bees (D:10)
  4 wights (D:8)
  An electric eel (D:7)
  A howler monkey (D:7)
  5 crimson imps
  2 bullfrog zombies
  2 quasits
  A centaur zombie (D:7)
  6 hounds
  5 jellies
  Crazy Yiuf (D:4)
  8 orc priests
  8 orc wizards
  2 iguanas
  7 worker ants
  A hound skeleton (D:4)
  2 hound zombies
  A howler monkey zombie (D:5)
  A worker ant zombie (D:5)
  7 gnolls
  12 adders
  A shadow imp (D:9)
  2 oozes
  An adder skeleton (D:7)
  2 adder zombies
  2 worms
  A dart slug (D:1)
  6 leopard geckos
  30 orcs
  8 giant cockroaches
  4 goblins
  10 hobgoblins
  6 jackals
  17 kobolds
  5 quokkas
  5 ball pythons
  5 bats
  5 frilled lizards
  A quokka skeleton (D:7)
  3 rats
271 creatures vanquished.

Vanquished Creatures (collateral kills)
  An orc warrior (D:8)
  An orc (D:8)
2 creatures vanquished.

Vanquished Creatures (others)
  A hydra (D:11)
  An orc priest (D:8)
  An orc (D:8)
  A fungus (D:8)
  2 plants
6 creatures vanquished.

Grand Total: 279 creatures vanquished

Notes
Turn   | Place    | Note
-------+----------+-------------------------------------------
     0 | Abyss:1  | doot the Demonspawn Abyssal Knight began the quest for the Orb.
     0 | Abyss:1  | Reached XP level 1. HP: 18/18 MP: 2/2
    54 | Abyss:1  | Found a corrupted altar of Lugonu.
    82 | D:1      | Escaped the Abyss
   491 | D:1      | Gained mutation: You are partially covered in iridescent scales. (AC +2) [demonic ancestry]
   491 | D:1      | Reached XP level 2. HP: 23/24 MP: 3/3
  1358 | D:2      | Reached ** piety under Lugonu
  1361 | D:2      | Gained mutation: You have large cloven feet. [demonic ancestry]
  1361 | D:2      | Reached XP level 3. HP: 25/29 MP: 5/5
  1395 | D:2      | Reached skill level 1 in Dodging
  1871 | D:2      | Gained mutation: You are mostly covered in iridescent scales. (AC +4) [demonic ancestry]
  1871 | D:2      | Reached XP level 4. HP: 20/36 MP: 6/6
  2144 | D:3      | Reached *** piety under Lugonu
  2330 | D:3      | Found an ornate altar of the Wu Jian Council.
  3064 | D:4      | Reached XP level 5. HP: 40/42 MP: 5/7
  3107 | D:4      | Found a staircase to the Ecumenical Temple.
  3579 | D:4      | Found a runed door.
  3607 | D:4      | Got a heavily runed emerald amulet
  3632 | D:4      | Noticed Crazy Yiuf
  3636 | D:4      | Killed Crazy Yiuf
  3896 | D:4      | Found a stormy altar of Qazlal.
  4044 | D:5      | Entered Level 5 of the Dungeon
  4070 | D:5      | Gained mutation: You have hoof-like feet. [demonic ancestry]
  4070 | D:5      | Reached XP level 6. HP: 48/48 MP: 8/8
  4119 | D:5      | Reached skill level 1 in Polearms
  4254 | D:5      | Noticed Jaiteiro's ghost (novice VSFi)
  4314 | D:5      | Killed Jaiteiro's ghost
  4314 | D:5      | Reached skill level 2 in Polearms
  4314 | D:5      | Reached XP level 7. HP: 19/54 MP: 5/10
  4317 | D:5      | Reached skill level 3 in Polearms
  4548 | D:5      | Reached skill level 5 in Invocations
  4646 | D:5      | Reached **** piety under Lugonu
  5127 | D:6      | Reached XP level 8. HP: 59/61 MP: 11/11
  5179 | D:6      | Reached skill level 4 in Polearms
  5204 | D:6      | Noticed Duvessa
  5205 | D:6      | Noticed Dowan
  5225 | D:6      | Killed Duvessa
  5227 | D:6      | Killed Dowan
  5319 | D:6      | Noticed a troll
  5342 | D:6      | Killed a troll
  5342 | D:6      | Reached skill level 5 in Fighting
  5342 | D:6      | Reached skill level 5 in Polearms
  5827 | D:6      | Reached skill level 6 in Polearms
  5930 | D:6      | Reached XP level 9. HP: 68/68 MP: 12/12
  6360 | D:6      | Reached skill level 5 in Armour
  6525 | D:7      | Reached skill level 1 in Stealth
  7020 | D:7      | Reached skill level 7 in Polearms
  7308 | D:7      | Found a sacrificial altar of Ru.
  7361 | D:7      | Found a sparkling altar of Nemelex Xobeh.
  7373 | D:7      | Got a polished quarterstaff
  7374 | D:7      | Identified the cursed +0 quarterstaff "Ciaxaok" {speed, rN+ SInv} (You found it on level 7 of the Dungeon)
  7377 | D:7      | Identified the amulet "Rokisyz" {+Rage rElec Str+4} (You found it on level 4 of the Dungeon)
  7681 | D:8      | Found a basalt altar of Yredelemnul.
  7760 | D:8      | Reached skill level 8 in Polearms
  7818 | D:8      | Gained mutation: You have hooves in place of feet. [demonic ancestry]
  7818 | D:8      | Reached XP level 10. HP: 68/77 MP: 13/13
  7908 | D:8      | Noticed a two-headed ogre
  7949 | D:8      | Reached ***** piety under Lugonu
  7992 | D:8      | Found a deep blue altar of Sif Muna.
  8063 | D:8      | Noticed an elephant
  8088 | D:8      | Killed an elephant
  8088 | D:8      | Reached skill level 9 in Polearms
  8116 | D:8      | Found a staircase to the Lair.
  8235 | D:8      | Killed a two-headed ogre
  8643 | D:8      | Found an opulent altar of Gozag.
  8672 | D:8      | Found a radiant altar of Vehumet.
  8674 | D:8      | Found a glowing silver altar of Zin.
  8686 | D:8      | Found a white marble altar of Elyvilon.
  8738 | D:8      | Found a shattered altar of Ashenzari.
  8738 | D:8      | Found a shadowy altar of Dithmenos.
  8767 | D:8      | Found a blossoming altar of Fedhas.
  9763 | D:9      | Found a staircase to the Orcish Mines.
  9977 | D:9      | Found an iron altar of Okawaru.
 10097 | D:9      | Found a sacrificial altar of Ru.
 10097 | D:9      | Found a shimmering altar of Xom.
 10097 | D:9      | Found a hazy altar of Hepliaklqana.
 10139 | D:10     | Entered Level 10 of the Dungeon
 10214 | D:10     | Reached skill level 1 in Long Blades
 10501 | D:10     | Killed an unseen horror
 10501 | D:10     | Reached XP level 11. HP: 71/84 MP: 15/15
 10833 | D:10     | Noticed empire's ghost (journeyman MiFi)
 11057 | D:10     | Killed empire's ghost
 11228 | D:10     | Reached skill level 5 in Long Blades
 11623 | D:11     | Noticed Psyche
 11729 | D:11     | Noticed Harold
 11737 | D:11     | Banished Harold
 12064 | D:11     | Noticed Tiareth's ghost (journeyman DEWz)
 12093 | D:11     | Killed Tiareth's ghost
 12758 | D:11     | Noticed a five-headed hydra
 13142 | D:11     | Banished a five-headed hydra
 13186 | D:11     | Killed Psyche
 13335 | D:11     | Noticed Nergalle
 13392 | D:11     | Killed Nergalle
 13635 | D:12     | Noticed Rupert
 13645 | D:12     | Annihilated by Rupert

Skill      XL: |  1  2  3  4  5  6  7  8  9 10 11 |
---------------+----------------------------------+-----
Axes           | 2 3 4 |  4.3
Armour         | 2 3 4 5 6 |  6.7
Dodging        | 1 2 3 4 |  4.8
Invocations    | 3 4 5 |  5.5
Fighting       | 4 5 6 7 |  7.1
Polearms       | 2 3 6 8 9 |  9.9
Stealth        | 1 |  1.5
Long Blades    | 3 8 |  8.5
Shields        | |  0.6
Evocations     | |  0.2

Action                   |  1- 3 |  4- 6 |  7- 9 | 10-12 || total
-------------------------+-------+-------+-------+-------++-------
Melee: Hand axe          |   139 |    31 |       |       ||   170
       Kick              |    16 |    30 |    50 |    87 ||   183
       War axe           |       |    30 |     3 |    19 ||    52
       Glaive            |       |    66 |   232 |   155 ||   453
       Katana            |       |       |       |   145 ||   145
Throw: Tomahawk          |       |       |       |     6 ||     6
Invok: Banish            |       |       |       |     9 ||     9
 Abil: Evoke Berserk Rag |       |       |       |     1 ||     1
Evoke: Wand              |       |       |       |     2 ||     2
  Use: Scroll            |       |       |     3 |     8 ||    11
       Potion            |       |       |       |     2 ||     2
 Stab: Sleeping          |     2 |       |       |       ||     2
       Distracted        |       |       |     1 |       ||     1
  Eat: Chunk             |     3 |     8 |    11 |    15 ||    37
       Ration            |       |       |       |     2 ||     2
Armor: Leather armour    |    53 |    23 |       |       ||    76
       Ring mail         |       |    37 |   110 |    82 ||   229
       Steam dragon scal |       |       |       |    65 ||    65
Dodge: Dodged            |    93 |    63 |   181 |   151 ||   488
Block: Large shield      |       |    16 |       |   111 ||   127
       Rpst.: Katana     |       |       |       |    13 ||    13
